 Dungeon Crawl Stone Soup version 0.31-a0-875-g02e7d12df6 (webtiles) character file.

Game seed: 5944250756531217545

1883 croobank the Ruffian (level 8, -5/105 HPs)
             Began as a White Draconian Shapeshifter on Oct 12, 2023.
             Was an Initiate of Gozag.
             Shot with a sling bullet by Joseph (9 damage)
             ... on level 7 of the Dungeon.
             The game lasted 00:19:06 (6779 turns).

croobank the Ruffian (White Draconian Shapeshifter) Turns: 6779, Time: 00:19:07

Health: -5/105     AC: 24    Str: 23    XL:     8   Next: 92%
Magic:  8/8        EV:  2    Int: 13    God:    Gozag
Gold:   162        SH:  0    Dex: 13    Spells: 7/7 levels left

rFire   . . .        b - +8 hand cannon of Wedophong {penet, Fly Will- Dex+3}
rCold   . . .        (no shield)
rNeg    . . .        (body armour unavailable)
rPois   +            (helmet currently unavailable)
rElec   .            (cloak currently unavailable)
rCorr   .            (gloves currently unavailable)
SInv    .            (boots currently unavailable)
Will    .....        (no amulet)
Stlth   +            C - +6 ring of strength
HPRegen 0.37/turn    (no ring)
MPRegen 0.11/turn

%: no passive effects
@: tree-form
A: stationary, stasis, torment immunity, boosted hp, (breathe frost), AC +6,
unfitting armour, (cold resistance 1), (cold-blooded)
a: Renounce Religion, Potion Petition, Call Merchant, Bribe Branch


You were on level 7 of the Dungeon.
You worshipped Gozag.
Gozag was aware of your devotion.
You were a tree.
You visited 2 branches of the dungeon, and saw 8 of its levels.

You collected 489 gold pieces.
You spent 224 gold pieces at shops.
You paid 103 gold pieces to Gozag.

Inventory:

Hand Weapons
 a - a +6 short sword of speed
 b - the +8 hand cannon of Wedophong (weapon) {penet, Fly Will- Dex+3}
   (You acquired it on level 5 of the Dungeon)

   Dex+3:     It affects your dexterity (+3).
   Will-:     It decreases your willpower.
   Fly:       It grants you flight.
 f - a +1 dagger of draining
 h - a +0 war axe
 o - a +1 vampiric dagger
 p - a +0 trident
 t - a +1 heavy long sword
 v - a +0 long sword of chaos
Missiles
 j - 9 poisoned darts
Armour
 e - a +1 pair of boots
 l - a +0 pair of gloves
 s - a +0 helmet
 B - a +0 kite shield
Jewellery
 C - a +6 ring of strength (left branch)
Talismans
 c - a flux talisman
 d - a serpent talisman
 y - a beast talisman
Scrolls
 g - 4 scrolls of teleportation
 m - a scroll of identify
 q - a scroll of blinking
 u - 2 scrolls of revelation
 x - a scroll of silence
 z - 2 scrolls of enchant weapon
Potions
 i - 2 potions of enlightenment
 k - a potion of cancellation
 n - a potion of haste
 r - a potion of brilliance
 A - a potion of resistance


   Skills:
 + Level 5.6 Fighting
 * Level 4.6 Ranged Weapons
 + Level 5.0 Dodging
 + Level 5.9 Unarmed Combat
 + Level 5.5 Shapeshifting


You had 7 spell levels left.
You didn't know any spells.
Your spell library contained the following spells:

 Spells                   Type           Power      Damage    Failure   Level
 Freeze                   Ice            0%         1d3       30%         1
 Ensorcelled Hibernation  Hex/Ice        0%         N/A       43%         2
 Passwall                 Tmut/Erth      0%         N/A       43%         2
 Frozen Ramparts          Ice            0%         1d1       67%         3
 Hailstorm                Conj/Ice       0%         3d3       67%         3
 Swiftness                Air            0%         N/A       67%         3


Dungeon Overview and Level Annotations

Branches:
Dungeon (7/15)             Temple (1/1) D:6

Altars:
Ashenzari
Cheibriados
Dithmenos
Elyvilon
Fedhas
Gozag
Hepliaklqana
Kikubaaqudgha
Makhleb
Nemelex Xobeh
Okawaru
Qazlal
Ru
Sif Muna
Trog
Uskayaw
Vehumet
Xom
Yredelemnul
Zin
The Shining One

Shops:
D:5 (?[:=   D:6 [([(=

Annotations:
D:7 Joseph
Temple 2 transporters


Innate Abilities, Weirdness & Mutations

You are a tree.
Your roots penetrate the ground, keeping you stationary.
You cannot be teleported.
You are immune to unholy pain and torment.
Your maximum health is greatly increased.
Your equipment is partially melded.
((You can breathe waves of freezing cold which knock back foes.))
((Your icy white scales are hard. (AC +6)))
You cannot fit into any form of body armour.
((Your flesh is cold resistant. (rC+)))
((You are cold-blooded and may be slowed by cold attacks.))


Message History

The sling bullet hits you!! The sling bullet freezes you.
Fire: b) +8 hand cannon of Wedophong {penet, Fly Will- Dex+3}
Press: ? - help, Q - select action, (/) - cycle Shift-Dir - straight line, f/p - Joseph
Aim: Joseph, wielding a +1 sling of freezing and wearing a +0 leather armour (73% to hit)
You shoot a bolt. The bolt pierces through Joseph!
Joseph is moderately wounded.
Joseph shoots a sling bullet.
The sling bullet misses you.
Joseph shoots a sling bullet.
The sling bullet hits you.
Fire: b) +8 hand cannon of Wedophong {penet, Fly Will- Dex+3}
Press: ? - help, Q - select action, (/) - cycle Shift-Dir - straight line, f/p - Joseph
Aim: Joseph, wielding a +1 sling of freezing and wearing a +0 leather armour (moderately wounded, 73% to hit)
You shoot a bolt. The bolt barely misses Joseph.
Joseph shoots a sling bullet.
The sling bullet hits you! The sling bullet freezes you.
The sleepcap is distracted by your dazzling golden aura.
Joseph shoots a sling bullet.
The sling bullet hits you!
* * * LOW HITPOINT WARNING * * *
The sling bullet freezes you.
* * * LOW HITPOINT WARNING * * *
Fire: b) +8 hand cannon of Wedophong {penet, Fly Will- Dex+3}
Press: ? - help, Q - select action, (/) - cycle Shift-Dir - straight line, f/p - Joseph
Aim: Joseph, wielding a +1 sling of freezing and wearing a +0 leather armour (moderately wounded, 73% to hit)
You shoot a bolt. The bolt closely misses Joseph.
Joseph says, "I'm here to kill trespassers.
I like my job."
Joseph shoots a sling bullet.
The sling bullet hits you!
* * * LOW HITPOINT WARNING * * *
Fire: b) +8 hand cannon of Wedophong {penet, Fly Will- Dex+3}
Press: ? - help, Q - select action, (/) - cycle Shift-Dir - straight line, f/p - Joseph
Aim: Joseph, wielding a +1 sling of freezing and wearing a +0 leather armour (moderately wounded, 73% to hit)
You shoot a bolt. The bolt pierces through Joseph!
Joseph is moderately wounded.
Joseph shoots a sling bullet.
The sling bullet hits you!
* * * LOW HITPOINT WARNING * * *
The sling bullet freezes you.
* * * LOW HITPOINT WARNING * * *
Your transformation has ended.
You turn into a tree.
Your roots penetrate the ground.
Joseph shoots a sling bullet.
The sling bullet hits you!
You die...
Your body crumbles into a pile of gold.

......... #........ #
..#...$$... .##
#.#..@....##...##
##..........#....#
.................#
##....f....°....#
#.........♣$..##
##.........#...#
...........#...#
....##.).......#
....##.....#...# ## #
.........####..##.#.#
......#...###.......##
......##.....##......#
...%.................#


You could see Joseph and a sleepcap.

Vanquished Creatures
  A water moccasin (D:6)
  Duvessa (D:7)
  2 orc warriors
  A sky beast (D:6)
  2 ogres (D:6)
  2 centaurs
  5 phantoms
  A bullfrog (D:7)
  3 scorpions
  Dowan (D:7)
  2 hounds
  2 orc priests (D:6)
  An iguana (D:7)
  An orc wizard (D:7)
  8 adders
  A white imp (D:6)
  2 ufetubi
  2 worms (D:2)
  5 dart slugs
  14 orcs
  7 endoplasms
  2 giant cockroaches
  12 goblins
  9 hobgoblins
  2 jackals (D:1)
  5 kobolds
  5 quokkas
  9 ball pythons
  5 bats
  8 frilled lizards
  6 rats
127 creatures vanquished.

Vanquished Creatures (others)
  An orc wizard (D:4)
1 creature vanquished.

Grand Total: 128 creatures vanquished

Notes
Turn   | Place    | Note
-------+----------+-------------------------------------------
     0 | D:1      | croobank the Draconian Shapeshifter began the quest for the
                  | Orb.
     0 | D:1      | Reached XP level 1. HP: 16/16 MP: 1/1
   128 | D:1      | Reached XP level 2. HP: 23/23 MP: 2/2
   676 | D:1      | Reached XP level 3. HP: 29/29 MP: 3/3
  1375 | D:2      | Found a faded altar of an unknown god.
  1653 | D:2      | Reached XP level 4. HP: 37/37 MP: 4/4
  2748 | D:4      | Noticed a phantom
  2759 | D:4      | Killed a phantom
  2760 | D:4      | Reached XP level 5. HP: 30/45 MP: 5/5
  2834 | D:4      | Found a broken altar of Ashenzari.
  2865 | D:4      | Reached XP level 6. HP: 18/51 MP: 6/6
  3126 | D:4      | Found a shimmering blue altar of Sif Muna.
  3479 | D:5      | Entered Level 5 of the Dungeon
  3623 | D:5      | Identified the +1 ring mail "Oseopsuxu" {*Corrode rElec rN+
                  | Will+}
  3628 | D:5      | Found Fatzej's Armour Shoppe.
  3800 | D:5      | Identified a scroll of acquirement
  3800 | D:5      | Acquired the +8 hand cannon of Wedophong {penet, Fly Will-
                  | Dex+3}
  3829 | D:5      | Found Enlolar's Magic Scroll Boutique.
  3851 | D:5      | Bought a scroll of enchant weapon for 112 gold pieces
  3851 | D:5      | Bought a scroll of revelation for 112 gold pieces
  3861 | D:5      | Found Ogemauly's Book Shop.
  3866 | D:5      | Found Xoazukopp's Jewellery Boutique.
  4250 | D:5      | Found Nukyuc Hanu's Antique Weapon Shop.
  4278 | D:5      | Found a shadowy altar of Dithmenos.
  4284 | D:5      | Your scales start taking on an icy white colour.
  4284 | D:5      | Reached XP level 7. HP: 43/59 MP: 7/7
  4284 | D:5      | Gained mutation: Your flesh is cold resistant. (rC+) [White
                  | Draconian growth]
  4286 | D:5      | Reached skill level 1 in Ranged Weapons
  4613 | D:6      | Found Buh Sice's Jewellery Shoppe.
  4776 | D:6      | Reached skill level 5 in Unarmed Combat
  4808 | D:6      | Found Upsaom's Antique Weapon Emporium.
  4827 | D:6      | Reached XP level 8. HP: 57/67 MP: 8/8
  4885 | D:6      | Found Xorheug's Armour Shoppe.
  4936 | D:6      | Reached skill level 5 in Shapeshifting
  4957 | D:6      | Reached skill level 5 in Fighting
  4967 | D:6      | Found an ancient bone altar of Kikubaaqudgha.
  4979 | D:6      | Found Soommuif's Antique Armour Emporium.
  5040 | D:6      | Found a staircase to the Ecumenical Temple.
  5066 | Temple   | Found a transporter.
  5066 | Temple   | Found a transporter.
  5066 | Temple   | Found a transporter.
  5066 | Temple   | Found a transporter.
  5066 | Temple   | Entered the Ecumenical Temple
  5087 | Temple   | Became a worshipper of Gozag Ym Sagoz the Greedy
  5171 | D:6      | HP: 1/68 [orc priest/+0 hand axe (4)]
  5475 | D:6      | Found Yrghimocu's Weapon Shoppe.
  5670 | D:7      | Noticed Dowan
  5678 | D:7      | Noticed Duvessa
  6372 | D:7      | Killed Duvessa
  6383 | D:7      | Killed Dowan
  6772 | D:7      | Reached skill level 5 in Dodging
  6772 | D:7      | Noticed Joseph
  6778 | D:7      | HP: 2/70 [Joseph/sling bullet (2)]
  6779 | D:7      | Shot with a sling bullet by Joseph

Illustrated notes

Levels and vault maps discovered:
D:1:      dpeg_arrival_oval, layout_loops_corners
D:2:      layout_loops_corners, shapermc_ecumenical_altar_gd,
          dreamdust_princess_corridor
D:3:      layout_rooms, minmay_lizard_king
D:4:      layout_rooms, evilmike_ruin_ashenzari, nicolae_sif_muna_condensation
D:5:      layout_cave_pods, grunt_dithmenos_shadows, serial_shops,
          nicolae_shop_competitors_out_of_business, shop,
          nicolae_lakefront_shop, nicolae_shop_advertising_works
          [nicolae_subvault_shop_adworks], shop
D:6:      layout_gridville, kennysheep_little_box,
          minmay_temple_entry_gardened_gates, serial_shops,
          nicolae_shop_tiny_waterfront, shop, shop, shop,
          nicolae_take_the_stairs, minmay_misc_feat_iff
D:7:      layout_cave_pools, mainiacjoe_overflow_catwalk, fountainhead,
          uniq_duvessa, uniq_joseph
Temple:   hellmonk_temple_divided_pantheon

Skill      XL: |  1  2  3  4  5  6  7  8 |
---------------+-------------------------+-----
Dodging        | 2 3 4 5 |  5.0
Fighting       | 2 3 4 5 |  5.6
Unarmed Combat | 4 5 |  5.9
Shapeshifting  | 4 5 |  5.5
Ranged Weapons | 2 4 |  4.6

Action                     |  1- 3 |  4- 6 |  7- 9 || total
---------------------------+-------+-------+-------++-------
  Melee: Unarmed           |   129 |   132 |       ||   261
         Tailslap          |    14 |    22 |       ||    36
         Punch             |     1 |     5 |     1 ||     7
         Dagger            |       |    17 |    15 ||    32
   Fire: Hand cannon       |       |    10 |    85 ||    95
Ability: Breathe Frost     |       |       |     2 ||     2
    Use: Scroll            |       |    12 |     7 ||    19
         Potion            |       |     1 |     4 ||     5
   Stab: Sleeping          |     1 |       |       ||     1
 Armour: Skin              |    49 |    86 |   103 ||   238
  Dodge: Dodged            |    66 |    91 |    35 ||   192

Table legend: (Time is in decaauts)
 A = Elapsed time spent in this place.
 B = Non-inter-level travel time spent in this place.
 C = Inter-level travel time spent in this place.
 D = Time resting spent in this place.
 E = Time spent auto-exploring this place.
 F = Levels seen in this place.
 G = Mean time per level.
                   A        B        C        D        E       F      G
               +--------+--------+--------+--------+--------+-----+--------+
         Total |   6836 |   6582 |    254 |   1649 |   3736 |   8 |  854.5 |
       Dungeon |   6797 |   6553 |    244 |   1649 |   3736 |   7 |  971.0 |
        Temple |     38 |     28 |     10 |      0 |      0 |   1 |   38.0 |
               +--------+--------+--------+--------+--------+-----+--------+

Top non-repeatable levels by time:
     D:6: 1807 daAuts
     D:1: 1129 daAuts
     D:5: 1058 daAuts
     D:2: 981 daAuts
     D:4: 761 daAuts
     D:3: 591 daAuts
     D:7: 466 daAuts
  Temple: 38 daAuts
